Map: Acolyte LE

Players

Winthrowe - Winner!

  • Race: Terran Terran
  • League: Silver
  • Spawn Location: 1:00

Nikitta - Winner!

  • Race: Terran Terran
  • Spawn Location: 7:00

A.I. 2 (Easy)

  • Race: Terran Terran

VOD

Have the link to the VOD?

Description

Time

  • Played on: Aug. 19, 2017, 5:27 p.m.
  • Length: 13:17
Show
View Real Time Build Order
Export as new Build Order

Winthrowe Terran - Winner!

Build Orders:  

Get SALT Encoding   

  12  0:03  SCV  
  13  0:14  Refinery  
  13  0:20  SCV  
  14  0:32  SCV  
  15  0:51  Supply Depot  
  15  0:52  Supply Depot  
  15  1:13  SCV  
  15  1:14  Supply Depot  
  15  1:16  Barracks  
  16  1:22  Refinery  
  16  1:25  SCV  
  17  1:42  SCV  
  19  1:54  SCV  
  19  2:10  Engineering Bay  
  19  2:15  Marine  
  19  2:21  Supply Depot  
  20  2:27  SCV  
  21  2:33  Marine  
  22  2:40  SCV  
  23  2:51  Marine  
  23  2:52  SCV  
  23  2:55  Factory  
  25  3:09  Marine  
  26  3:15  SCV  
  26  3:18  Command Center  
  27  3:27  Marine, SCV  
  29  3:39  SCV  
  30  3:48  Starport  
  30  3:50  Barracks Reactor  
  30  3:55  Factory Tech Lab  
  30  4:19  Infernal Pre-Igniter  
  30  4:26  Marine, Missile Turret  
  30  4:27  Marine  
  32  4:32  SCV x2  
  34  4:43  Medivac  
  34  4:44  SCV x2  
  38  4:53  Missile Turret  
  38  4:55  Siege Tank  
  38  4:59  Sensor Tower  
  41  5:03  SCV x2  
  43  5:15  SCV  
  44  5:22  Engineering Bay  
  44  5:27  SCV  
  45  5:35  Siege Tank  
  48  5:37  Medivac  
  48  5:39  Marine x2, SCV  
  53  5:54  Terran Infantry Armor Level 1  
  53  5:55  Terran Infantry Weapons Level 1  
  53  5:59  Armory, Bunker  
  53  6:25  Combat Shields  
  53  6:31  Bunker  
  53  6:37  SCV  
  53  6:38  SCV  
  57  6:47  Marauder  
  57  6:49  SCV  
  57  6:50  SCV  
  59  6:56  Hellbat  
  59  7:01  SCV  
  62  7:03  Command Center  
  62  7:17  Supply Depot  
  62  7:25  Refinery  
  62  7:38  Hellbat, SCV x2  
  62  7:39  Supply Depot, Marauder  
  68  7:44  Stimpack  
  68  7:50  SCV x2  
  70  8:02  SCV  
  71  8:12  Starport Tech Lab  
  71  8:14  Bunker  
  71  8:18  Hellbat  
  71  8:19  Hellbat  
  75  8:22  Marauder  
  75  8:26  SCV  
  78  8:38  SCV  
  78  8:40  Hellbat x2  
  83  8:43  Marauder  
  83  8:45  Bunker  
  85  8:50  SCV  
  85  8:51  Raven  
  88  8:57  Cloaking Field  
  88  9:01  Hellbat  
  88  9:02  Hellbat, SCV  
  93  9:05  Terran Infantry Armor Level 2  
  93  9:06  Terran Infantry Weapons Level 2  
  93  9:13  Supply Depot  
  93  9:25  Orbital Command  
  93  9:27  Orbital Command  
  93  9:33  Orbital Command  
  93  9:35  Hellbat x2, Marauder  
  93  9:36  Supply Depot  
  99  9:39  Supply Depot  
  99  9:45  Concussive Shells  
  99  9:56  Marauder  
  99  9:59  Supply Depot  
  98  10:02  Supply Depot  
  98  10:16  High Capacity Fuel Tanks  
  98  10:17  Marauder  
  100  10:26  Supply Depot  
  100  10:48  Supply Depot  
  100  11:11  Supply Depot  
  100  11:34  Supply Depot  
Show
View Real Time Build Order
Export as new Build Order

Nikitta Terran - Winner!

Build Orders:  

Get SALT Encoding   

  12  0:00  SCV  
  13  0:13  SCV  
  14  0:19  Supply Depot  
  14  0:25  SCV  
  15  0:40  SCV  
  16  0:43  Barracks  
  16  0:45  Refinery  
  16  1:08  Supply Depot  
  16  1:20  Refinery  
  16  1:30  Marine  
  16  1:31  Orbital Command  
  17  1:49  Barracks Tech Lab  
  17  2:08  Marine  
  18  2:13  Supply Depot  
  18  2:15  SCV  
  19  2:27  SCV  
  20  2:33  Marine  
  21  2:39  SCV  
  22  2:51  SCV  
  22  2:58  Marine  
  24  3:03  SCV  
  25  3:16  SCV  
  26  3:23  Marauder  
  30  3:48  Marauder  
  30  4:13  Marauder  
  32  6:57  Reaper  
  32  7:00  Supply Depot  
  33  7:06  Command Center  
  33  7:22  Factory  
  33  7:24  Supply Depot  
  33  7:29  Marine  
  34  7:47  Marine  
  35  8:05  Marine  
  27  8:07  Starport  
  26  8:19  SCV  
  27  8:20  Refinery  
  27  8:22  Marine  
  27  8:24  SCV  
  29  8:27  Refinery  
  29  8:31  SCV  
  30  8:36  SCV  
  30  8:40  Marine  
  32  8:43  SCV  
  32  8:45  Starport Tech Lab  
  32  8:48  SCV  
  34  8:55  SCV  
  34  8:58  Marine  
  34  9:00  SCV  
  37  9:04  Raven  
  37  9:07  SCV  
  40  9:12  SCV  
  40  9:16  Reaper  
  42  9:20  SCV  
  43  9:24  SCV  
  44  9:32  SCV  
  44  9:36  SCV  
  46  9:44  SCV  
  47  9:47  Raven  
  47  9:48  Marine, SCV  
  49  9:56  SCV  
  47  10:00  SCV  
  47  10:01  Supply Depot  
  44  10:08  SCV  
  44  10:11  Marine  
  44  10:12  SCV  
  43  10:20  SCV  
  42  10:25  SCV  
  26  10:37  SCV  
  26  10:47  Barracks  
  26  10:48  Supply Depot  
  26  10:49  SCV  
  24  11:01  SCV  
  25  11:12  Supply Depot  
  7  11:33  Marine  
  7  11:39  Factory  
Show
View Real Time Build Order
Export as new Build Order

A.I. 2 (Easy) Terran 

Build Orders:  

Get SALT Encoding   

Tags
 
Add a new tag
Caveats
  • Supply blocks, unpowered buildings, or Contaminate may cause inaccurate times.
  • Supply counts are checked every 10 seconds.